Map: Backwater LE

Players

Trizztein - Winner!

  • Race: Terran Terran
  • League: Diamond
  • Spawn Location: 11:00

Kingantiuwan

  • Race: Zerg Zerg
  • League: Diamond
  • Spawn Location: 5:00

VOD

Have the link to the VOD?

Description

Time

  • Played on: March 23, 2018, 8:54 a.m.
  • Length: 26:46
Show
View Real Time Build Order
Export as new Build Order

Trizztein Terran - Winner!

Build Orders: Reaper Expand, Hellion Banshee 

Get SALT Encoding   

  12  0:01  SCV  
  13  0:13  SCV  
  14  0:17  Supply Depot  
  14  0:25  SCV  
  15  0:38  SCV  
  15  0:41  Barracks  
  16  0:46  Refinery  
  16  0:50  SCV  
  17  1:02  SCV  
  18  1:15  SCV  
  19  1:31  Reaper, Orbital Command  
  20  1:45  Command Center  
  20  1:56  Supply Depot  
  20  1:57  SCV  
  21  2:05  Marine  
  22  2:11  Factory  
  22  2:13  SCV  
  23  2:19  Refinery  
  23  2:24  Barracks Reactor  
  23  2:26  SCV  
  24  2:38  SCV  
  25  2:50  SCV  
  26  2:58  Orbital Command  
  26  3:07  SCV  
  27  3:13  Starport  
  27  3:16  Hellion x2  
  27  3:18  Barracks Tech Lab  
  27  3:19  SCV  
  32  3:25  SCV  
  33  3:31  SCV  
  34  3:37  Hellion x2  
  34  3:38  SCV  
  34  3:39  Supply Depot  
  39  3:43  SCV  
  40  3:50  SCV  
  40  3:55  Cloaking Field, SCV, Banshee  
  42  4:01  Hellion x2  
  50  4:02  SCV  
  50  4:07  SCV  
  51  4:12  Supply Depot  
  51  4:14  SCV  
  51  4:16  Armory  
  52  4:19  SCV  
  53  4:24  Supply Depot  
  53  4:27  SCV  
  54  4:33  SCV  
  54  4:34  Hellion x2  
  54  4:38  Banshee  
  62  4:45  SCV x2  
  62  4:49  Hellion x6, Command Center  
  64  4:55  Refinery  
  64  4:58  SCV x2  
  66  5:06  Factory  
  66  5:08  Factory  
  66  5:10  SCV  
  66  5:12  SCV  
  68  5:22  SCV  
  68  5:24  SCV, Terran Vehicle Weapons Level 1  
  68  5:26  Engineering Bay  
  66  5:34  SCV  
  61  5:36  SCV  
  61  5:38  Refinery  
  61  5:40  Supply Depot  
  61  5:41  Supply Depot  
  59  5:43  Viking, Armory  
  59  5:46  SCV  
  59  5:48  SCV  
  60  5:51  Factory Tech Lab x2  
  60  5:52  Missile Turret  
  60  5:54  Missile Turret  
  60  5:57  Missile Turret  
  60  5:58  SCV  
  60  6:00  Missile Turret  
  60  6:12  Orbital Command  
  60  6:13  SCV x2  
  61  6:20  Missile Turret  
  61  6:22  Thor  
  61  6:25  SCV x2  
  67  6:37  Hellion x2, SCV x2  
  71  6:40  Hellion  
  71  6:42  Banshee  
  71  6:44  Missile Turret  
  76  6:49  Missile Turret, SCV  
  77  7:01  SCV  
  77  7:02  SCV  
  77  7:08  Hellion  
  77  7:14  Orbital Command  
  77  7:27  Supply Depot  
  77  7:28  Supply Depot  
  77  7:31  Thor  
  77  7:32  Hellion  
  77  7:34  SCV x2  
  84  7:37  Terran Vehicle Weapons Level 2  
  84  7:40  Terran Vehicle And Ship Armor Level 1, SCV  
  85  7:46  Refinery  
  85  7:49  Hellion x2, SCV x2  
  85  7:50  Missile Turret  
  91  7:52  SCV  
  91  7:55  Hellion  
  94  8:00  Missile Turret  
  94  8:01  SCV x2  
  94  8:04  SCV  
  97  8:08  Supply Depot  
  97  8:11  Supply Depot x2, Hellion x2  
  101  8:14  Infernal Pre-Igniter  
  101  8:19  Supply Depot  
  101  8:20  Supply Depot  
  101  8:30  Refinery, SCV x3  
  101  8:32  Missile Turret, Factory x2  
  104  8:35  Missile Turret  
  104  8:36  Siege Tank, Hellion x2  
  104  8:37  Hellion  
  113  8:42  SCV x3  
  113  8:47  Supply Depot  
  116  8:54  SCV x3  
  113  8:58  Siege Tank, Hellion x2  
  120  9:07  SCV  
  120  9:09  Hellion  
  118  9:19  Hellion  
  118  9:20  Hellion x2  
  118  9:21  Hellion  
  104  9:29  Thor x2  
  114  9:33  Liberator  
  101  9:39  SCV x2  
  101  9:41  Hellion  
  101  9:42  Terran Vehicle And Ship Armor Level 2, Hellion  
  107  9:45  SCV  
  107  9:47  Factory Tech Lab  
  107  9:48  Factory Tech Lab  
  107  9:51  SCV  
  107  9:52  Command Center  
  111  9:56  SCV  
  111  9:57  SCV  
  113  10:02  Hellion  
  113  10:03  SCV  
  116  10:08  SCV  
  116  10:12  Supply Depot  
  116  10:13  Supply Depot  
  117  10:15  Supply Depot, Terran Vehicle Weapons Level 3  
  117  10:22  Supply Depot, Missile Turret  
  117  10:24  Supply Depot  
  117  10:26  Starport  
  117  10:30  Starport  
  117  10:34  Hellion x2, SCV x3  
  124  10:39  Hellion x3  
  124  10:40  Hellion  
  132  10:46  SCV  
  133  10:55  Hellion x2  
  137  11:01  Raven, Hellion x3  
  145  11:10  SCV x3  
  148  11:17  Siege Tank  
  151  11:25  Hellion x2  
  143  11:27  Factory  
  143  11:29  Factory  
  143  11:30  Refinery, Missile Turret, Planetary Fortress  
  143  11:31  SCV x3  
  143  11:32  Missile Turret  
  146  11:40  Starport Tech Lab  
  146  11:41  Starport Reactor  
  146  11:42  Starport Tech Lab  
  146  11:43  SCV, Starport Reactor  
  146  11:46  Hellion x2, Siege Tank  
  154  11:48  Refinery  
  154  11:49  Siege Tank  
  154  11:52  Hellion x2  
  154  11:53  Viking  
  163  11:55  Missile Turret  
  163  12:07  Siege Tank, Hellion  
  166  12:17  Hellion x2  
  166  12:18  Marine  
  171  12:29  Viking  
  171  12:34  Hellion  
  171  12:35  Viking  
  171  12:36  Viking, Marine  
  171  12:37  Viking x2  
  125  12:59  Viking  
  125  13:02  Missile Turret x2  
  125  13:04  Missile Turret x2  
  125  13:05  Viking  
  129  13:06  Hellion x2, Siege Tank x2  
  129  13:08  Thor  
  129  13:10  Thor  
  143  13:13  Viking x2  
  143  13:15  Terran Ship Weapons Level 1, Terran Vehicle And Ship Armor Level 3  
  143  13:22  SCV x3  
  143  13:26  SCV  
  142  13:27  Hellion x2  
  142  13:29  Viking  
  146  13:42  Viking x2  
  146  13:43  Viking  
  146  13:46  Factory Tech Lab x2  
  146  13:47  Viking  
  154  13:54  Thor  
  154  13:55  Hellion, Thor  
  170  13:56  Hellion  
  170  13:58  Viking  
  172  14:13  Liberator x3  
  172  14:15  Siege Tank  
  172  14:18  Hellion  
  172  14:20  Hellion  
  172  14:21  Hellion  
  172  14:22  Siege Tank  
  161  14:29  Hellion  
  157  14:38  Siege Tank x2, Liberator  
  162  14:40  Hellion  
  162  14:42  Siege Tank  
  162  14:43  Building Armor  
  166  14:55  Viking  
  166  14:56  Command Center  
  171  15:07  Liberator  
  171  15:16  Liberator  
  171  15:24  Hellion, Command Center  
  172  15:32  Hellion x2, Viking  
  172  15:35  Liberator  
  161  15:43  Hellion x3, Siege Tank  
  161  15:48  Supply Depot  
  170  15:50  Liberator  
  170  15:51  Supply Depot  
  170  15:52  Siege Tank x2  
  179  16:08  Hellion x5, Viking  
  179  16:10  Viking  
  196  16:16  Hellion  
  198  16:24  Hellion  
  194  16:34  Hellion x3, Siege Tank  
  194  16:36  Siege Tank  
  152  16:54  Hellion x2  
  152  17:04  Barracks x2  
  152  17:06  Ghost Academy  
  152  17:07  Barracks  
  150  17:10  Hellion x3  
  156  17:17  Siege Tank  
  156  17:19  Liberator x2  
  149  17:37  Viking x3  
  165  17:38  SCV  
  165  17:44  Siege Tank, Hellion  
  177  17:48  Sensor Tower  
  167  18:07  Siege Tank x2  
  167  18:08  Hellion, Barracks Tech Lab x2  
  175  18:14  Terran Ship Weapons Level 2, Barracks Tech Lab  
  175  18:22  Thor  
  181  18:30  Hellion x2  
  183  18:35  Planetary Fortress  
  175  18:54  Hellion x3  
  175  18:55  Hellion x3  
  184  19:01  Siege Tank  
  189  19:05  Thor  
  194  19:25  Siege Tank, Hellion  
  194  19:26  Planetary Fortress  
  199  19:34  Liberator  
  199  19:37  Unknown  
  199  19:40  Siege Tank  
  199  19:41  Unknown x2  
  199  20:00  Missile Turret  
  199  20:01  Refinery, Marine  
  199  20:03  Refinery  
  178  20:08  Missile Turret  
  178  20:12  Siege Tank x3, Hellion x2  
  178  20:13  Hellion x3  
  165  20:21  Viking x3  
  160  20:34  Siege Tank x2, Hellion x2  
  157  20:42  Hellion  
  157  20:44  Hellion x2  
  157  20:49  Missile Turret  
  161  20:51  SCV  
  162  21:02  Viking  
  162  21:03  Viking x3  
  170  21:08  Unknown  
  170  21:09  Unknown x2  
  170  21:10  Hellion x2  
  176  21:11  Barracks Tech Lab  
  170  21:31  Viking  
  182  21:32  Viking  
  170  21:37  Liberator, Unknown  
  172  21:40  Viking x2  
  172  21:44  Liberator  
  176  21:50  Hellion x3, Siege Tank x2  
  189  22:11  Siege Tank, Hellion x2  
  192  22:39  Marine  
  192  22:43  Unknown  
  187  22:49  Command Center  
  175  22:54  Viking x3  
  174  22:59  Refinery  
  174  23:01  Refinery  
  174  23:17  Siege Tank x2  
  180  23:20  Hellion x2  
  179  23:44  Personal Cloaking  
  179  24:05  Hellion x5, Siege Tank  
  188  24:16  Hellion x2  
  171  24:26  Hellion  
  154  24:38  Hellion x3, Siege Tank  
  155  24:42  Hellion x3  
  158  24:52  Hellion  
  156  24:59  Siege Tank, Hellion  
  161  25:04  Siege Tank  
  161  25:05  Hellion x2  
  166  25:08  Viking x2  
  168  25:23  Hellion x2  
  163  25:44  Widow Mine  
  163  25:46  Barracks Tech Lab  
  163  25:47  Barracks Tech Lab  
  157  25:50  Unknown  
  157  25:55  Siege Tank x2  
  157  25:56  Hellion x3  
  153  26:06  Siege Tank, Hellion x2  
  149  26:17  Hellion  
Show
View Real Time Build Order
Export as new Build Order

Kingantiuwan Zerg 

Build Orders: Hatch First 

Get SALT Encoding   

  12  0:01  Drone  
  13  0:09  Drone  
  14  0:22  Overlord  
  14  0:42  Drone x3  
  17  1:01  Hatchery  
  16  1:11  Spawning Pool, Extractor  
  14  1:20  Drone x3  
  17  1:58  Queen, Zergling x6  
  22  2:15  Overlord  
  22  2:19  Queen  
  22  2:20  Drone  
  22  2:21  Drone, Metabolic Boost  
  26  2:24  Drone  
  27  2:34  Drone  
  27  2:35  Drone  
  29  2:42  Drone  
  30  2:52  Drone x2  
  31  3:01  Drone  
  31  3:02  Overlord  
  32  3:05  Lair  
  32  3:07  Drone  
  31  3:14  Drone  
  31  3:18  Drone  
  33  3:25  Spine Crawler, Overlord  
  32  3:30  Extractor  
  32  3:31  Extractor  
  32  3:34  Zergling x2  
  31  3:35  Zergling x6  
  31  3:36  Zergling x2  
  35  3:45  Drone x2  
  35  3:46  Extractor  
  36  3:49  Drone x3  
  39  3:55  Drone  
  39  3:59  Drone  
  41  4:03  Drone x2  
  41  4:05  Drone  
  41  4:08  Drone  
  41  4:09  Spire  
  44  4:11  Drone  
  44  4:17  Drone  
  46  4:19  Drone x2  
  46  4:22  Drone  
  49  4:26  Drone  
  49  4:30  Overlord  
  50  4:35  Overlord  
  50  4:44  Spine Crawler  
  49  5:12  Spore Crawler  
  49  5:13  Drone x4  
  52  5:14  Overseer  
  52  5:16  Zergling x2  
  48  5:25  Mutalisk x3  
  48  5:26  Mutalisk x5  
  58  5:32  Drone  
  57  5:36  Drone x2  
  57  5:37  Drone  
  60  5:43  Drone x2  
  60  5:46  Drone  
  63  5:57  Drone  
  64  6:00  Roach Warren  
  63  6:05  Drone x2  
  63  6:06  Infestation Pit  
  63  6:08  Drone x3  
  67  6:27  Drone  
  66  6:40  Drone x2  
  66  6:43  Overlord  
  68  6:52  Burrow  
  68  6:54  Overlord  
  68  6:56  Evolution Chamber  
  68  6:57  Drone  
  68  6:58  Evolution Chamber  
  68  6:59  Overlord  
  67  7:01  Overlord  
  61  7:16  Overseer  
  61  7:20  Glial Reconstitution  
  61  7:23  Zerg Ground Armor Level 1, Hatchery  
  61  7:24  Zerg Missile Weapons Level 1  
  61  7:27  Infestor x3  
  70  7:30  Roach x3  
  70  7:33  Roach  
  74  7:39  Neural Parasite  
  74  7:41  Roach x2  
  74  7:42  Roach x2  
  74  7:43  Roach  
  84  7:45  Roach  
  84  7:50  Drone  
  87  7:54  Spore Crawler  
  86  8:08  Roach x5  
  86  8:09  Drone, Extractor  
  86  8:12  Drone x2  
  98  8:13  Extractor  
  98  8:17  Hive  
  98  8:18  Drone, Overseer  
  98  8:22  Drone  
  99  8:28  Drone  
  99  8:29  Overlord  
  100  8:35  Overlord  
  100  8:37  Roach x2  
  100  8:38  Roach  
  106  8:47  Drone x3  
  109  8:49  Drone x2  
  109  8:50  Drone  
  112  9:12  Roach x5  
  114  9:18  Roach x4  
  114  9:19  Roach x2  
  112  9:28  Roach x2  
  112  9:29  Roach x2  
  110  9:33  Roach  
  106  9:41  Roach  
  106  9:42  Roach x2  
  108  9:48  Roach  
  108  9:57  Roach  
  108  9:58  Overlord  
  110  10:00  Greater Spire, Overlord  
  110  10:04  Drone  
  110  10:05  Zerg Ground Armor Level 2  
  111  10:07  Drone x2, Zerg Melee Weapons Level 1  
  113  10:17  Hatchery  
  113  10:20  Drone x2  
  113  10:21  Drone  
  115  10:26  Drone x2  
  117  10:48  Drone x4  
  117  10:49  Drone x2, Overlord  
  123  10:54  Corruptor  
  123  10:55  Corruptor x4  
  133  11:02  Extractor  
  133  11:03  Drone x2, Extractor  
  133  11:16  Spine Crawler  
  133  11:17  Spine Crawler  
  131  11:33  Pathogen Glands, Overlord  
  131  11:35  Zerg Flyer Weapons Level 1  
  131  11:36  Ultralisk Cavern  
  131  11:39  Brood Lord x5  
  140  11:48  Corruptor x4  
  148  11:54  Overseer  
  148  11:57  Spore Crawler  
  148  11:58  Drone x2  
  148  11:59  Drone x4, Hydralisk Den  
  152  12:03  Zerg Melee Weapons Level 2  
  152  12:22  Overlord  
  152  12:23  Overlord  
  128  12:47  Hydralisk x4  
  128  12:48  Hydralisk x8  
  128  12:49  Hydralisk x3  
  122  13:07  Ultralisk x2  
  122  13:08  Ultralisk  
  124  13:37  Ultralisk x3, Overlord  
  124  13:40  Chitinous Plating  
  142  13:49  Ultralisk  
  142  13:50  Overlord  
  148  13:57  Zergling x2  
  148  13:58  Overlord, Zergling x8  
  148  14:00  Overlord  
  153  14:08  Zergling x8  
  157  14:11  Zergling x6  
  157  14:12  Overlord, Zergling x2  
  153  14:30  Infestor x4  
  157  14:33  Hydralisk x4  
  165  14:41  Overlord  
  165  14:47  Overlord  
  165  15:02  Hatchery  
  152  15:14  Infestor  
  152  15:15  Infestor  
  152  15:16  Ultralisk x2  
  152  15:17  Ultralisk  
  152  15:21  Zerg Melee Weapons Level 3  
  174  15:22  Drone  
  128  15:40  Ultralisk  
  128  15:41  Ultralisk  
  116  15:46  Roach x4  
  116  15:49  Zergling x2  
  125  15:50  Zergling x4  
  125  15:56  Zergling x2  
  125  15:57  Zergling x10  
  130  15:59  Overseer  
  133  16:05  Hydralisk, Zergling x6  
  135  16:11  Hydralisk x2  
  137  16:19  Zergling x6  
  137  16:20  Zergling x2  
  93  16:54  Ultralisk x4  
  107  16:57  Zergling x4  
  107  16:59  Overlord  
  115  17:03  Drone x6  
  121  17:11  Infestor x2  
  121  17:15  Drone x3  
  128  17:21  Ultralisk  
  134  17:36  Ultralisk  
  138  17:46  Hydralisk x5, Extractor  
  138  17:47  Extractor, Overlord  
  138  17:50  Hydralisk  
  148  17:55  Drone x12  
  145  18:11  Hatchery  
  145  18:12  Corruptor  
  144  18:13  Corruptor  
  144  18:15  Infestor x5  
  148  18:31  Ultralisk x2  
  160  18:55  Brood Lord, Corruptor x4  
  162  18:59  Brood Lord  
  170  19:18  Corruptor x2  
  170  19:19  Corruptor x2  
  170  19:20  Overlord  
  178  19:33  Drone x10  
  178  19:36  Drone  
  177  19:54  Spore Crawler  
  177  19:55  Spine Crawler  
  177  19:57  Brood Lord  
  177  19:58  Brood Lord  
  97  20:26  Ultralisk  
  97  20:27  Ultralisk  
  103  20:37  Ultralisk  
  109  20:48  Zergling x12  
  109  20:49  Zergling x10  
  120  21:03  Hydralisk x8  
  134  21:22  Hydralisk x2  
  134  21:23  Hydralisk x2  
  138  21:27  Hydralisk x2  
  142  21:36  Zergling x12  
  142  21:58  Hydralisk x2  
  142  21:59  Hydralisk x4  
  140  22:19  Infestor  
  140  22:20  Infestor x2  
  129  22:50  Infestor x2  
  93  23:02  Zergling x18  
  93  23:03  Zergling x4  
  93  23:05  Hydralisk  
  102  23:13  Overlord  
  102  23:14  Infestor  
  102  23:19  Hatchery  
  101  23:27  Ultralisk  
  83  23:59  Ultralisk x2  
  83  24:00  Zergling x4  
  83  24:01  Zergling x16  
  59  24:43  Ultralisk  
  59  24:44  Overlord  
  64  24:45  Overlord  
  64  24:58  Roach x10  
  83  25:00  Zergling x2  
  83  25:09  Roach x2  
  87  25:17  Roach  
  87  25:18  Roach  
  90  25:37  Roach x3  
  53  26:26  Zergling x6  
Tags
 
Add a new tag
Caveats
  • Supply blocks, unpowered buildings, or Contaminate may cause inaccurate times.
  • Supply counts are checked every 10 seconds.